 Seeded DCSS version 0.27.1 (webtiles) character file.

Game seed: 12321 (custom seed)

56 a11behringer the Slasher (level 3, -4/33 HPs)
             Began as a Minotaur Fighter on Aug 27, 2021.
             Was a Follower of Nemelex Xobeh.
             Slain by a gnoll (5 damage)
             ... on level 2 of the Dungeon.
             The game lasted 00:04:36 (795 turns).

a11behringer the Slasher (Minotaur Fighter)          Turns: 795, Time: 00:04:37

Health: -4/33      AC:  7    Str: 20    XL:     3   Next: 69%
Magic:  2/2        EV:  7    Int:  5    God:    Nemelex Xobeh [*.....]
Gold:   52         SH:  9    Dex: 10    Spells: 2/2 levels left

rFire    . . .     SeeInvis .   a - +0 long sword
rCold    . . .     Faith    .   c - +0 kite shield
rNeg     . . .     Spirit   .   b - +0 scale mail
rPois    .         Reflect  .   (helmet restricted)
rElec    .         Harm     .   (no cloak)
rCorr    .         Rampage  .   (no gloves)
Will     .....                  (no boots)
Stlth    ..........             (no amulet)
HPRegen  0.11/turn              (no ring)
MPRegen  0.08/turn              (no ring)

@: no status effects
A: horns 2, retaliatory headbutt
a: Renounce Religion, Draw Escape, Draw Destruction, Draw Summoning


You were on level 2 of the Dungeon.
You worshipped Nemelex Xobeh.
Nemelex Xobeh was aware of your devotion.
You visited 1 branch of the dungeon, and saw 2 of its levels.

You collected 52 gold pieces.

Inventory:

Hand Weapons
 a - a +0 long sword (weapon)
Armour
 b - a +0 scale mail (worn)
 c - a +0 kite shield (worn)
Scrolls
 e - a scroll of teleportation {unknown}
 f - a scroll of noise {unknown}
Potions
 d - a potion of might
 g - a potion of attraction {unknown}
 h - a potion of curing {unknown}


   Skills:
 - Level 3.9 Fighting
 * Level 4.3 Long Blades
 - Level 3.9 Armour
 - Level 3.9 Shields


You had 2 spell levels left.
You didn't know any spells.
Your spell library was empty.

Dungeon Overview and Level Annotations

Branches:
Dungeon (2/15)

Altars:
Nemelex Xobeh


Innate Abilities, Weirdness & Mutations

You have a pair of horns on your head.
You reflexively headbutt those who attack you in melee.


Message History

Your shield prevents you from hitting the gnoll.
You headbutt the gnoll.
You kill the gnoll!
You block the gnoll's attack.
You have reached level 3!
Your experience leads to an increase in your attributes!
Increase (S)trength, (I)ntelligence, or (D)exterity?
You feel agile.
You hit the gnoll.
The gnoll is moderately wounded.
The gnoll hits you with a +0 club.
You hit the gnoll. You headbutt the gnoll.
The gnoll is severely wounded.
You block the gnoll's attack. x2
You closely miss the gnoll.
The gnoll is severely wounded.
The gnoll hits you but does no damage.
You hit the gnoll.
You kill the gnoll!
The gnoll hits you with a +0 flail!
Your Long Blades skill increases to level 4!
You hit the gnoll.
The gnoll is lightly wounded.
The gnoll closely misses you.
You barely miss the gnoll.
The gnoll is lightly wounded.
The gnoll hits you with a +0 flail.
You slash the gnoll!
The gnoll is almost dead.
The gnoll hits you with a +0 flail.
* * * LOW HITPOINT WARNING * * *
The gnoll hits you with a +0 flail!
* * * LOW HITPOINT WARNING * * *
You slash the gnoll!
You kill the gnoll!
You hit the gnoll.
The gnoll is moderately wounded.
The gnoll hits you with a +0 flail.
You die...
Your body disappears without a glow.

#.....#.# #.....#.#
########. #.#####.# #.......
#.# #.# #.#...
#.#####.#######.#.# ####
#.................#####....
#######.#######.#.##.....###
#.#######......#.....#
#....@g..............#
###########...........
#.####.....# #.# .....# #.#
##### #.. ###


You could see a gnoll.

Vanquished Creatures
  3 gnolls (D:2)
  2 dart slugs (D:1)
  4 ball pythons
  An endoplasm (D:1)
  2 giant cockroaches (D:1)
  A goblin (D:1)
  2 hobgoblins (D:1)
  A kobold (D:1)
  A quokka (D:1)
  3 bats (D:1)
  2 frilled lizards (D:1)
  2 rats (D:1)
24 creatures vanquished.

Notes
Turn   | Place    | Note
-------+----------+-------------------------------------------
     0 | D:1      | a11behringer the Minotaur Fighter began the quest for the
                  | Orb.
     0 | D:1      | Reached XP level 1. HP: 19/19 MP: 0/0
   188 | D:1      | Reached XP level 2. HP: 27/27 MP: 1/1
   233 | D:1      | Found a faded altar of an unknown god.
   238 | D:1      | Became a worshipper of Nemelex Xobeh the Trickster
   238 | D:1      | Reached * piety under Nemelex Xobeh
   238 | D:1      | Received a gift from Nemelex Xobeh
   424 | D:1      | Reached skill level 3 in Long Blades
   787 | D:2      | Reached XP level 3. HP: 25/33 MP: 2/2
   791 | D:2      | Reached skill level 4 in Long Blades
   793 | D:2      | HP: 1/33 [gnoll (7)]
   795 | D:2      | Slain by a gnoll

Illustrated notes

Levels and vault maps discovered:
D:1:      dpeg_arrival_arbitrary_b, layout_basic, basic_ecumenical_altar,
          kennysheep_minor_cross, minmay_misc_feat_ornament
D:2:      wander_river, layout_loops_ring, chequers_serial_rivers_large_b,
          minmay_misc_feat_square

Skill      XL: |  1  2  3 |
---------------+----------+-----
Long Blades    | 3 4 |  4.3
Fighting       | |  3.9
Armour         | |  3.9
Shields        | |  3.9

Action                   || total
-------------------------++-------
Melee: Long sword        ||    56
       Headbutt          ||     8
Armor: Scale mail        ||    30
Dodge: Dodged            ||    10
Block: Kite shield       ||    26
